 Dungeon Crawl Stone Soup version 0.18.1-50-g88ac8fd (webtiles) character file.

204 go0n the Chopper (level 5, -4/72 HPs)
             Began as a Minotaur Berserker on Sept 29, 2016.
             Was a Believer of Trog.
             Slain by go0n's ghost (7 damage)
             ... on level 3 of the Dungeon.
             The game lasted 00:07:31 (2210 turns).

go0n the Chopper (Minotaur Berserker)               Turns: 2210, Time: 00:07:33

Health: -4/72      AC:  5    Str: 27    XL:     5   Next: 52%
Magic:  0/4        EV: 12    Int:  4    God:    Trog [**....]
Gold:   155        SH:  0    Dex: 10    Spells: 0 memorised, 4 levels left

rFire  . . .     SeeInvis .     h - +1 hand axe
rCold  . . .     Gourm    .     p - +0 leather armour (curse)
rNeg   . . .     Faith    .     (no shield)
rPois  +         Spirit   +     c - +2 hat
rElec  .         Dismiss  .     (no cloak)
rCorr  .         Reflect  .     (no gloves)
SustAt .         Harm     .     (no boots)
MR     .....                    l - amulet of guardian spirit
Stlth  ..........               (no ring)
                                o - ring of poison resistance

@: berserking, very quick, not resistant to hostile enchantments, extremely
unstealthy
A: retaliatory headbutt, horns 2
a: Berserk, Trog's Hand, Burn Spellbooks, Renounce Religion


You were on level 3 of the Dungeon.
You worshipped Trog.
Trog was pleased with you.
You were not hungry.

You visited 1 branch of the dungeon, and saw 3 of its levels.

You collected 155 gold pieces.

Inventory:

Hand Weapons
 a - a +0 hand axe
 h - a +1 hand axe (weapon)
Armour
 b - a +1 animal skin
 c - a +2 hat (worn)
 f - a +0 ring mail
 p - a cursed +0 leather armour (worn)
 r - a +0 scale mail
Jewellery
 l - an amulet of guardian spirit (around neck)
 o - a ring of poison resistance (left hand)
Scrolls
 g - a scroll of identify
 i - a scroll of teleportation {unknown}
 n - a scroll of fear {unknown}
Potions
 e - a potion of berserk rage
 m - a potion of agility
Comestibles
 d - a bread ration
 j - 2 slices of pizza
 k - 3 meat rations
 q - a beef jerky


   Skills:
 + Level 5.5 Fighting
 * Level 6.3 Axes
 - Level 2.4 Armour
 - Level 2.1 Dodging


You had 4 spell levels left.
You didn't know any spells.

Dungeon Overview and Level Annotations

Branches:
Dungeon (3/15)

Altars:

Annotations:
D:3 go0n's ghost, weakling TrBe


Innate Abilities, Weirdness & Mutations

You reflexively headbutt those who attack you in melee.
You have a pair of horns on your head.


Message History

The gnoll is severely wounded.
You hit go0n's ghost.
Go0n's ghost is lightly damaged.
The gnoll hits you but does no damage. The orc priest barely misses you.
You barely miss the orc priest. You headbutt the orc priest.
You kill the orc priest!
Trog accepts your kill.
You hit go0n's ghost.
Go0n's ghost is lightly damaged.
You slash the gnoll!
You kill the gnoll!
Trog accepts your kill. Go0n's ghost barely misses you.
You hit go0n's ghost. Your headbutt misses go0n's ghost.
Go0n's ghost is lightly damaged.
You closely miss the gnoll. You slash the rat!
You kill the rat!
Trog accepts your kill. Go0n's ghost hits you!
You die...

#...#.##
#.#....########
#.#............
#####......########
#.....##...#
#........>.#
#.....####.#
#.....# #.# #...)@#
#.# ####Wg)......
#.........
#.........
#.........
#.........
##........
#........


You could see go0n's ghost and a gnoll.

Vanquished Creatures
  An orc priest (D:3)
  Jessica (D:2)
  An orc wizard (D:3)
  5 gnolls
  An adder (D:2)
  An ooze (D:1)
  A worm (D:2)
  4 orcs
  A ball python (D:2)
  8 bats
  3 giant cockroaches
  3 goblins
  2 hobgoblins
  4 jackals (D:2)
  7 kobolds
  2 quokkas
  4 giant newts
  12 rats
61 creatures vanquished.

Notes
Turn   | Place    | Note
--------------------------------------------------------------
     0 | D:1      | go0n the Minotaur Berserker began the quest for the Orb.
     0 | D:1      | Reached XP level 1. HP: 19/19 MP: 0/0
   134 | D:1      | Reached skill level 4 in Axes
   134 | D:1      | Reached XP level 2. HP: 17/27 MP: 1/1
  1135 | D:2      | Reached XP level 3. HP: 33/33 MP: 2/2
  1136 | D:2      | Reached ** piety under Trog
  1259 | D:2      | Noticed Jessica
  1272 | D:2      | Killed Jessica
  1272 | D:2      | Reached skill level 5 in Axes
  1272 | D:2      | Reached XP level 4. HP: 33/41 MP: 1/3
  1632 | D:2      | Reached skill level 5 in Fighting
  1870 | D:3      | Reached XP level 5. HP: 23/48 MP: 2/4
  2199 | D:3      | Noticed go0n's ghost (weakling TrBe)
  2207 | D:3      | Reached skill level 6 in Axes
  2207 | D:3      | HP: 2/72 [go0n's ghost (7)]
  2210 | D:3      | Slain by go0n's ghost

Skill      XL: |  1  2  3  4  5 |
---------------+----------------+-----
Fighting       | 4 5 |  5.5
Axes           | 4 5 6 |  6.3
Armour         | |  2.4
Dodging        | |  2.1

Action                   |  1- 3 |  4- 6 || total
-------------------------+-------+-------++-------
Melee: Hand axe          |    55 |    63 ||   118
       Headbutt          |    10 |    12 ||    22
  Use: Scroll            |     7 |     1 ||     8
       Potion            |     1 |     3 ||     4
  Eat: Bread ration      |     1 |       ||     1
Armor: Animal skin       |     6 |       ||     6
       Ring mail         |    23 |     2 ||    25
       Leather armour    |       |    23 ||    23
Dodge: Dodged            |    40 |    41 ||    81
